 Dungeon Crawl Stone Soup version 0.27-a0-512-g57cc695410 (webtiles) character file.

Game seed: 232355910685401784

1 PetesUhPizza the Skirmisher (level 1, 20/20 HPs)
             Began as a Palentonga Fighter on Nov 16, 2020.
             Quit the game on level 1 of the Dungeon on Mar 3, 2021.
             The game lasted 00:02:03 (24 turns).

PetesUhPizza the Skirmisher (Palentonga Fighter)      Turns: 24, Time: 00:02:03

Health: 20/20      AC:  6    Str: 19    XL:     1   Next: 16%
Magic:  1/1        EV:  5    Int:  8    God:
Gold:   4          SH:  8    Dex:  9    Spells: 0/0 levels left

rFire    . . .     SeeInvis +   a - +0 long sword
rCold    . . .     Faith    .   c - +0 kite shield
rNeg     . . .     Spirit   .   b - +0 scale mail
rPois    .         Reflect  .   (no helmet)
rElec    .         Harm     .   (no cloak)
rCorr    .         Rampage  .   (no gloves)
Will     .....                  (no barding)
Stlth    ..........             (no amulet)
HPRegen  0.06/turn              (no ring)
MPRegen  0.07/turn              (no ring)

@: no status effects
A: large, rugged brown scales 3, see invisible, deformed body, roll 1, armoured
tail
a: Rolling Charge


You were on level 1 of the Dungeon.
You visited 1 branch of the dungeon, and saw 1 of its levels.

You collected 4 gold pieces.

Inventory:

Hand Weapons
 a - a +0 long sword (weapon)
Armour
 b - a +0 scale mail (worn)
 c - a +0 kite shield (worn)
Scrolls
 e - a scroll of teleportation {unknown}
Potions
 d - a potion of might


   Skills:
 + Level 3.0 Fighting
 + Level 2.0 Long Blades
 + Level 2.4 Armour
 + Level 2.4 Shields


You couldn't memorise any spells.
You didn't know any spells.
Your spell library was empty.

Dungeon Overview and Level Annotations

Branches:
Dungeon (1/15)

Altars:


Innate Abilities, Weirdness & Mutations

You are completely covered in rugged brown scales. (AC +3, +7% HP)
You have supernaturally acute eyesight. (SInv)
Armour fits poorly on your strangely shaped body.
You can roll at nearby foes to attack.
You have a long armoured tail.


Message History

Welcome, PetesUhPizza the Palentonga Fighter.
It is said that the Orb of Zot exists deep within this dungeon.
Press ? for a list of commands and other information.
Found 4 gold pieces.
Found a staircase leading out of the dungeon.
You now have 4 gold pieces.
A kobold comes into view. It is wielding a +0 whip.
The kobold shouts!
Found a scroll labelled SOKHLU AMINO EHUI.
Found a hand axe.
No target in view!
Found a ring mail.
You see here a scroll labelled SOKHLU AMINO EHUI.
A kobold is nearby!
A kobold is nearby!
A kobold is nearby!
You see here a scroll labelled SOKHLU AMINO EHUI.
You hit the kobold but do no damage.
Your tail-slap misses the kobold.
The kobold hits you but does no damage.
You slash the kobold!
You kill the kobold!
e - a scroll labelled SOKHLU AMINO EHUI Your library has no spells.
Your library has no spells.
Welcome back, PetesUhPizza the Palentonga Fighter.
Press ? for a list of commands and other information.
Are you sure you want to abandon this character and quit the game? (Confirm with "yes".)

####...# #......
+..... #....#
#....# +....#
#....# #.# #@# )
#######.## .#
.......).# ..#
#######..# ...
######..# ..
.........###.##..#
#######........#
##..####.#
###.....#


There were no monsters in sight!

Vanquished Creatures
  A kobold (D:1)
1 creature vanquished.

Notes
Turn   | Place    | Note
-------+----------+-------------------------------------------
     0 | D:1      | PetesUhPizza the Palentonga Fighter began the quest for the
                  | Orb.
     0 | D:1      | Reached XP level 1. HP: 20/20 MP: 1/1
    24 | D:1      | Upgraded the game from 0.26-a0-834-g69557b85cc to
                  | 0.27-a0-512-g57cc695410
    24 | D:1      | Quit the game

Illustrated notes

Levels and vault maps discovered:
D:1:      dpeg_arrival_arbitrary_b, layout_basic

Action                   || total
-------------------------++-------
Melee: Long sword        ||     2

Table legend: (Time is in decaauts)
 A = Elapsed time spent in this place.
 B = Non-inter-level travel time spent in this place.
 C = Inter-level travel time spent in this place.
 D = Time resting spent in this place.
 E = Time spent auto-exploring this place.
 F = Levels seen in this place.
 G = Mean time per level.
                   A        B        C        D        E       F      G
               +--------+--------+--------+--------+--------+-----+--------+
         Total |     24 |     17 |      7 |      0 |      7 |   1 |   24.0 |
       Dungeon |     24 |     17 |      7 |      0 |      7 |   1 |   24.0 |
               +--------+--------+--------+--------+--------+-----+--------+

Top non-repeatable levels by time:
     D:1: 24 daAuts
